 Dungeon Crawl Stone Soup version 0.24.0-13-gcf9b3192b9 (webtiles) character file.

Game seed: 14299430320354499859, levelgen mode: classic

13198 EnegeticOcto the Cleaver (level 12, -5/96 HPs)
             Began as a Formicid Venom Mage on Nov 8, 2019.
             Was a Priest of Makhleb.
             Slain by Snorg (11 damage)
             ... on level 11 of the Dungeon.
             The game lasted 00:13:54 (12437 turns).

EnegeticOcto the Cleaver (Formicid Venom Mage)     Turns: 12437, Time: 00:13:55

Health: -5/96      AC: 13    Str: 21    XL:     12   Next: 29%
Magic:  25/25      EV: 12    Int: 15    God:    Makhleb [***...]
Gold:   773        SH: 22    Dex: 16    Spells: 15/15 levels left

rFire    . . .     SeeInvis +   l - +5 hand axe
rCold    + . .     Gourm    .   o - +0 large shield
rNeg     . . .     Faith    .   c - +0 chain mail
rPois    +         Spirit   .   (helmet unavailable)
rElec    .         Reflect  +   z - +0 cloak of Zyogiwidai {rPois Str+3}
rCorr    .         Harm     .   b - +2 pair of gloves
MR       +....                  (no boots)
Stlth    ..........             f - +5 amulet of reflection
HPRegen  0.26/turn              d - ring of protection from cold
MPRegen  0.19/turn              x - ring of magical power

@: agile, very slightly contaminated, invisible
A: permanent stasis, dig shafts and tunnels, four strong arms, antennae 3
a: Dig, Shaft Self, Minor Destruction, Lesser Servant of Makhleb, Renounce
Religion


You were on level 11 of the Dungeon.
You worshipped Makhleb.
Makhleb was most pleased with you.
You were not hungry.

You visited 2 branches of the dungeon, and saw 12 of its levels.

You collected 1001 gold pieces.
You spent 228 gold pieces at shops.

Inventory:

Hand Weapons
 l - a +5 hand axe (weapon)
 m - the +7 short sword "Yclaaq" {holy, rPois}
   (You found it on level 5 of the Dungeon)

   It has been blessed by the Shining One to cause great damage to the undead
   and demons.
   It protects you from poison.
Missiles
 u - 6 throwing nets (quivered) {!f}
Armour
 b - a +2 pair of gloves (worn)
 c - a +0 chain mail (worn)
 o - a +0 large shield (worn)
 z - the +0 cloak of Zyogiwidai (worn) {rPois Str+3}
   (You bought it in a shop on level 8 of the Dungeon)

   It affects your strength (+3).
   It protects you from poison.
Jewellery
 d - a ring of protection from cold (left hand)
 f - a +5 amulet of reflection (around neck)
 x - a ring of magical power (right hand)
 E - an uncursed amulet of magic regeneration {unknown}
Wands
 s - a wand of iceblast (6)
 B - a wand of flame (25)
Scrolls
 a - a scroll of enchant armour
 h - 4 scrolls of remove curse {@r2}
 j - 2 scrolls of enchant weapon
 k - a scroll of immolation
 q - 7 scrolls of identify {@r1}
 t - a scroll of magic mapping {@r5 !r}
 y - a scroll of brand weapon
Potions
 g - 7 potions of curing {@q1 !q}
 i - 2 potions of agility {@q5 !q}
 p - 4 potions of ambrosia
 v - 2 potions of cancellation
 w - a potion of brilliance
 C - a potion of flight
Miscellaneous
 r - a box of beasts
Comestibles
 e - 22 rations
 D - 9 chunks of flesh


   Skills:
 + Level 9.4 Fighting
 * Level 13.3 Axes
 + Level 2.2 Armour
 + Level 2.6 Dodging
 - Level 2.4 Stealth
 * Level 9.5 Shields
 - Level 2.1 Spellcasting
   Level 0.8 Conjurations
   Level 4.0 Poison Magic
 + Level 5.8 Invocations


You had 15 spell levels left.
You didn't know any spells.
Your spell library contained the following spells:

 Spells                   Type           Power        Failure   Level  Hunger
 Sting                    Conj/Pois      #...         95%         1    #......
 Poisonous Vapours        Pois/Air       #.....       99%         2    ###....
 Mephitic Cloud           Conj/Pois/Air  #.......     100%        3    ###....
 Olgreb's Toxic Radiance  Pois           ##......     100%        4    #####..
 Venom Bolt               Conj/Pois      #.........   100%        5    ######.


Dungeon Overview and Level Annotations

Branches:
Dungeon (11/15)            Temple (1/1) D:6
   Lair: D:8-11         Orc: D:9-12

Altars:
Ashenzari
Cheibriados
Dithmenos
Elyvilon
Fedhas
Gozag
Hepliaklqana
Kikubaaqudgha
Makhleb
Nemelex Xobeh
Okawaru
Qazlal
Ru
Sif Muna
Trog
Uskayaw
Vehumet
Wu Jian
Xom
Yredelemnul
Zin
The Shining One

Shops:
D:5 }   D:8 [[

Annotations:
D:11 Snorg


Innate Abilities, Weirdness & Mutations

You cannot be hasted, slowed, berserked, paralysed or teleported.
You can dig through walls and to a lower floor.
Your four strong arms can wield two-handed weapons with a shield.
You have a pair of large antennae on your head. (SInv)


Message History

Your orange demon hits the killer bee.
The killer bee looks weaker.
You slash the killer bee!
The killer bee is almost dead.
You block the killer bee's attack.
Your orange demon stings the killer bee.
The killer bee dies!
Makhleb accepts your kill.
Your shield and chain mail prevent you from hitting Snorg.
Your neqoxec closely misses Snorg.
You block Snorg's attack. x2
Snorg claws you!
You hit Snorg.
Snorg is lightly wounded.
You block Snorg's attack. x2; Snorg claws you but does no damage.
Your orange demon stings Snorg from afar.
Your neqoxec hits Snorg! You hit Snorg.
Snorg is lightly wounded.
Snorg bites you! You block Snorg's attack. Snorg claws you.
Your orange demon stings Snorg from afar.
Your neqoxec closely misses Snorg.
You slash Snorg!
Snorg is moderately wounded.
Snorg bites you! You block Snorg's attack. x2
You are too injured to fight recklessly!
You are too injured to fight recklessly!
You are too injured to fight recklessly!
You are too injured to fight recklessly!
You are too injured to fight recklessly!
You are too injured to fight recklessly!
You are too injured to fight recklessly!
You closely miss Snorg.
Snorg is moderately wounded.
You block Snorg's attack. Snorg claws you! Snorg barely misses you.
Your orange demon barely misses Snorg.
Your neqoxec misses Snorg. You slash Snorg!
Snorg is moderately wounded.
You block Snorg's attack. x2; Snorg claws you but does no damage.
The crocodile bites your neqoxec!
Your orange demon stings Snorg from afar.
Your neqoxec disappears in a puff of smoke!
Snorg bites you!
* * * LOW HITPOINT WARNING * * *
Snorg claws you.
* * * LOW HITPOINT WARNING * * *
Snorg claws you.
* * * LOW HITPOINT WARNING * * *
Your orange demon stings Snorg from afar.
Evoke which item? (* to show all) (? for menu, Esc to quit)
Okay, then.
Really quaff
A - 2 potions of heal wounds {@q2 !q}?
You feel much better. You block Snorg's attack. Snorg claws you!
* * * LOW HITPOINT WARNING * * *
Snorg claws you!
* * * LOW HITPOINT WARNING * * *
The crocodile bites you!
* * * LOW HITPOINT WARNING * * *
Your orange demon closely misses Snorg.
Okay, then.
Evoke which item? (* to show all) (? for menu, Esc to quit)
Okay, then.
Really quaff
A - a potion of heal wounds {@q2 !q}?
You feel much better.
You block Snorg's attack. x2; Snorg claws you!
* * * LOW HITPOINT WARNING * * *
You block the crocodile's attack. You block Snorg's attack. Snorg claws you.
* * * LOW HITPOINT WARNING * * *
Snorg claws you.
* * * LOW HITPOINT WARNING * * *
Your orange demon misses Snorg.
You fade into invisibility!
You block Snorg's attack. Snorg claws you.
* * * LOW HITPOINT WARNING * * *
You block Snorg's attack. The crocodile barely misses you.
Your orange demon stings Snorg from afar.
You are very lightly contaminated with residual magic.
Really quaff
i - 3 potions of agility {@q5 !q}?
You feel agile all of a sudden. You block the crocodile's attack.
Snorg bites your orange demon!! Snorg claws your orange demon.
Snorg barely misses your orange demon.
Your orange demon barely misses Snorg. x2
Snorg barely misses your orange demon.
Snorg completely misses your orange demon.
Snorg claws your orange demon.
Your orange demon barely misses Snorg. x2
Snorg bites your orange demon!! Snorg claws your orange demon.
Your orange demon dies!
Snorg rages.
Found a stone staircase leading up.
A demon appears!
Evoke which item? (* to show all) (? for menu, Esc to quit)
Okay, then.
Okay, then.
Snorg barely misses you. You block Snorg's attack. x2
Found a ration.
Your neqoxec gestures.
Snorg rages.
Your crimson imp blinks!
You block Snorg's attack. Snorg claws you.
* * * LOW HITPOINT WARNING * * *
Snorg barely misses you.
Snorg is no longer berserk.
Snorg bites you!
You die...

###########################
.........................%..
###########..................
#...................
#.....@............<.
#......T..............
#......................
########.........3............
...........()....t............
..............................
................).............
.......).........ยง............
.....>...........).(..........


You could see Snorg, a crocodile and a friendly neqoxec.

Vanquished Creatures
  Josephine (D:11)
  Harold (D:11)
  A gargoyle (D:11)
  A troll (D:10)
  Grinder (D:5)
  A hippogriff (D:11)
  A wyvern (D:10)
  4 wraiths
  A water moccasin (D:8)
  8 orc warriors
  4 sky beasts
  An ice beast (D:8)
  A phantom (D:7)
  A black bear (D:7)
  An eye of draining (D:10)
  4 necrophages
  5 ogres
  5 centaurs
  3 big kobolds
  A gnoll sergeant (D:8)
  6 bullfrogs
  A scorpion (D:8)
  2 killer bees
  5 wights (D:7)
  3 howler monkeys
  6 crimson imps
  A centaur zombie (D:7)
  A quasit (D:8)
  4 orc priests
  3 hounds
  A jelly (D:10)
  11 orc wizards
  2 bullfrog skeletons
  2 iguanas
  9 worker ants
  A killer bee zombie (D:7)
  2 mummies (D:7)
  A worker ant zombie (D:8)
  10 gnolls
  9 adders
  2 shadow imps (D:5)
  An adder zombie (D:5)
  6 worms
  An adder skeleton (D:9)
  A dart slug (D:1)
  9 leopard geckos
  33 orcs
  4 giant cockroaches
  9 goblins
  6 hobgoblins
  15 kobolds
  8 quokkas
  2 ball pythons (D:2)
  3 bats
  4 frilled lizards
  3 leopard gecko zombies (D:7)
  A quokka skeleton (D:2)
  A quokka zombie (D:7)
  5 rats
240 creatures vanquished.

Vanquished Creatures (collateral kills)
  A wraith (D:11)
  A vampire (D:11)
  A killer bee (D:11)
3 creatures vanquished.

Vanquished Creatures (others)
  Ijyb (D:4)
  A kobold (D:11)
  5 fungi (D:11)
7 creatures vanquished.

Grand Total: 250 creatures vanquished

Notes
Turn   | Place    | Note
-------+----------+-------------------------------------------
     0 | D:1      | EnegeticOcto the Formicid Venom Mage began the quest for
                  | the Orb.
     0 | D:1      | Reached XP level 1. HP: 13/13 MP: 3/3
   297 | D:1      | Reached skill level 1 in Fighting
   421 | D:1      | Reached XP level 2. HP: 10/21 MP: 3/5
  1779 | D:2      | Reached XP level 3. HP: 28/28 MP: 3/6
  2771 | D:2      | Reached XP level 4. HP: 21/37 MP: 1/7
  3789 | D:3      | Reached XP level 5. HP: 15/43 MP: 1/8
  4015 | D:3      | Reached skill level 5 in Fighting
  4670 | D:4      | Found a bloodstained altar of Trog.
  4842 | D:4      | Reached skill level 1 in Axes
  4958 | D:4      | Noticed an ogre
  4975 | D:4      | Killed an ogre
  4975 | D:4      | Reached skill level 2 in Axes
  4975 | D:4      | Reached XP level 6. HP: 12/52 MP: 9/9
  5054 | D:4      | Noticed Ijyb
  5071 | D:4      | Killed Ijyb
  5584 | D:5      | Entered Level 5 of the Dungeon
  5584 | D:5      | Found Qarenn's Gadget Boutique.
  5591 | D:5      | Reached skill level 3 in Axes
  5614 | D:5      | Reached XP level 7. HP: 44/58 MP: 10/10
  5912 | D:5      | Reached skill level 4 in Axes
  5925 | D:5      | Noticed Grinder
  6149 | D:5      | Killed Grinder
  6149 | D:5      | Reached skill level 5 in Axes
  6150 | D:5      | Reached XP level 8. HP: 41/65 MP: 11/11
  6707 | D:5      | Got a slimy short sword
  6708 | D:5      | Identified the +7 short sword "Yclaaq" {holy, rPois} (You
                  | found it on level 5 of the Dungeon)
  6983 | D:6      | Found a sparkling altar of Nemelex Xobeh.
  7005 | D:6      | Reached skill level 6 in Axes
  7022 | D:6      | Reached skill level 1 in Shields
  7674 | D:6      | Reached XP level 9. HP: 41/72 MP: 12/12
  8095 | D:6      | Found a staircase to the Ecumenical Temple.
  8258 | Temple   | Entered the Ecumenical Temple
  8362 | Temple   | Became a worshipper of Makhleb the Destroyer
  8430 | D:7      | Reached skill level 7 in Axes
  8529 | D:7      | Reached skill level 1 in Invocations
  8571 | D:7      | Reached skill level 5 in Shields
  8867 | D:7      | Reached * piety under Makhleb
  9301 | D:7      | Reached skill level 8 in Axes
  9657 | D:8      | Found Ynokuu's Antique Armour Emporium.
  9665 | D:8      | Bought a smoking cloak for 228 gold pieces
  9675 | D:8      | Identified the cursed +0 cloak of Zyogiwidai {rPois Str+3}
                  | (You bought it in a shop on level 8 of the Dungeon)
  9684 | D:8      | Reached XP level 10. HP: 81/81 MP: 13/13
  9786 | D:8      | Found a snail-covered altar of Cheibriados.
  9864 | D:8      | Found Yzupp's Armour Emporium.
 10289 | D:8      | Reached skill level 9 in Axes
 10311 | D:8      | Reached ** piety under Makhleb
 11319 | D:9      | Reached skill level 5 in Invocations
 11441 | D:9      | Reached skill level 13 in Axes
 11441 | D:9      | Reached XP level 11. HP: 88/88 MP: 14/14
 11448 | D:10     | Entered Level 10 of the Dungeon
 11607 | D:10     | Reached *** piety under Makhleb
 11954 | D:11     | Noticed Josephine
 11974 | D:11     | Killed Josephine
 11974 | D:11     | Reached skill level 1 in Armour
 11974 | D:11     | Reached XP level 12. HP: 51/94 MP: 16/16
 12204 | D:11     | Noticed Harold
 12219 | D:11     | Killed Harold
 12409 | D:11     | Noticed Snorg
 12422 | D:11     | HP: 4/96 [crocodile (9)]
 12437 | D:11     | Slain by Snorg

Levels and vault maps discovered:
D:1:      lemuel_arrival_hallway, layout_loops_corners
D:2:      layout_basic, minmay_misc_feat_chi
D:3:      layout_loops_ring, kennysheep_generic_room_6
D:4:      kennysheep_the_goblin_king, layout_rooms, bloody_trog
D:5:      layout_cave_pools, first_ration, serial_shops, shop,
          minmay_misc_feat_ornament, grunt_ministairs_3, uniq_grinder
D:6:      layout_basic, minmay_temple_entry_statues_fountains, basic_altar
D:7:      minmay_bubble_buster, layout_basic, serial_undead, serial_undead_b,
          serial_undead_a, serial_undead_a, serial_undead_b, serial_undead_e,
          serial_undead_c, serial_undead_a, serial_undead_d, grunt_ogre_cave
D:8:      minmay_goldmine, layout_basic, marbit_many_paths, serial_shops, shop,
          shop, serial_curves, eino_curves_04, eino_curves_04, eino_curves_03,
          eino_curves_02
D:9:      layout_roguey
D:10:     layout_rooms
D:11:     layout_long_grid, grunt_lair_entry_orc_guard_hut, orc_0_dummy,
          gammafunk_ghost_nasty_kobolds, minmay_crystal_water, uniq_snorg,
          uniq_josephine, uniq_harold
Temple:   kilobyte_greek_temple

Skill      XL: |  1  2  3  4  5  6  7  8  9 10 11 12 |
---------------+-------------------------------------+-----
Fighting       | 1 2 3 4 5 6 7 8 9 |  9.4
Axes           | 2 3 5 6 8 13 | 13.3
Shields        | 3 6 8 9 |  9.5
Invocations    | 3 5 |  5.8
Dodging        | 2 |  2.6
Armour         | 1 2 |  2.2
Stealth        | |  2.4
Spellcasting   | |  2.1
Conjurations   | |  0.8
Poison Magic   | |  4.0

Action                   |  1- 3 |  4- 6 |  7- 9 | 10-12 || total
-------------------------+-------+-------+-------+-------++-------
Melee: Unarmed           |    65 |       |       |       ||    65
       Dagger            |     9 |   127 |       |       ||   136
       Hand axe          |       |    26 |   274 |   424 ||   724
       Short sword       |       |       |   140 |       ||   140
 Cast: Sting             |    66 |    54 |       |       ||   120
Invok: Lesser Servant of |       |       |       |     5 ||     5
 Abil: Dig               |       |     2 |     2 |     1 ||     5
Evoke: Wand              |       |       |     6 |       ||     6
  Use: Scroll            |       |    13 |     6 |     4 ||    23
       Potion            |       |       |     2 |     5 ||     7
 Stab: Sleeping          |       |     1 |       |       ||     1
       Distracted        |       |       |       |     3 ||     3
       Held in net/web   |       |       |       |     1 ||     1
  Eat: Chunk             |     3 |    10 |    11 |    10 ||    34
       Ration            |     1 |       |     1 |       ||     2
Armor: Robe              |    14 |    10 |       |       ||    24
       Scale mail        |       |    30 |    21 |       ||    51
       Chain mail        |       |       |   101 |    61 ||   162
       Skin              |       |       |     6 |       ||     6
Dodge: Dodged            |    47 |    59 |    66 |    34 ||   206
Block: Other             |    11 |    28 |    30 |       ||    69
       Reflection        |       |     1 |     8 |    23 ||    32
       Large shield      |       |       |   241 |   394 ||   635
